 Dungeon Crawl Stone Soup version 0.31-a0-4-gefa6de2278 (webtiles) character file.

Game seed: 846202225363567556

7 cheesebisquit the Grave Robber (level 1, -1/13 HPs)
             Began as a Mummy Necromancer on May 4, 2023.
             Slain by a worm (9 damage)
             ... on level 2 of the Dungeon.
             The game lasted 00:02:27 (1115 turns).

cheesebisquit the Grave Robber (Mummy Necromancer)  Turns: 1115, Time: 00:02:28

Health: -1/13      AC:  4    Str: 11    XL:     1   Next: 83%
Magic:  0/4        EV: 12    Int: 14    God:
Gold:   43         SH:  0    Dex: 12    Spells: 4/5 levels left

rFire   x . .        h - +0 whip
rCold   + . .        (no shield)
rNeg    + + +        a - +0 robe
rPois   ∞            (no helmet)
rElec   .            (no cloak)
rCorr   .            (no gloves)
SInv    .            j - +1 pair of boots
Will    .....        (no amulet)
Stlth   ++           d - ring of flight
HPRegen 0.22/turn    (no ring)
MPRegen 0.09/turn

%: faith
@: flying
A: cold resistance 1, negative energy resistance 3, torment resistance 2, heat
vulnerability 1, no potions, faith
a: no special abilities


You were on level 2 of the Dungeon.
You visited 1 branch of the dungeon, and saw 2 of its levels.

You collected 43 gold pieces.

Inventory:

Hand Weapons
 c - a +0 club
 h - a +0 whip (weapon)
Missiles
 i - 6 stones
Armour
 a - a +0 robe (worn)
 j - a +1 pair of boots (worn)
Jewellery
 d - a ring of flight (left hand)
Scrolls
 b - 2 scrolls of identify {unknown}
 e - a scroll of enchant weapon {unknown}
 f - a scroll of silence {unknown}
 g - a scroll of butterflies {unknown}


   Skills:
 - Level 1.5 Dodging
 - Level 1.5 Stealth
 + Level 2.9 Spellcasting
 * Level 4.2 Necromancy


You had 4 spell levels left.
You knew the following spells:

 Your Spells              Type           Power      Damage    Failure   Level
a - Necrotise             Necr           56%        1d6       3%          1

Your spell library contained the following spells:

 Spells                   Type           Power      Damage    Failure   Level
 Vampiric Draining        Necr           14%        2d7       11%         3
 Animate Dead             Necr           14%        N/A       36%         4
 Agony                    Necr           14%        N/A       71%         5
 Summon Hydra             Summ           1%         N/A       100%        7
 Sublimation of Blood     Necr           Unusable   N/A       N/A         2
 Wereblood                Tmut           Unusable   N/A       N/A         2

Dungeon Overview and Level Annotations

Branches:
Dungeon (2/15)

Altars:


Innate Abilities, Weirdness & Mutations

You are immune to poison.
Your flesh is cold resistant. (rC+)
You are immune to negative energy. (rN+++)
You are immune to unholy pain and torment.
You are vulnerable to heat. (rF-)
You do not drink.
You have a special connection with the divine. (Faith)


Message History

Found a scroll labelled JOPNIA IPHOEZ.
There is a stone staircase leading up here.
A quokka comes into view.
The quokka writhes in agony.
The quokka writhes in agony.
The quokka writhes in agony.
The quokka barely misses you.
The quokka writhes in agony.
You kill the quokka!
The dead are hopping!
Your quokka skeleton crumbles into dust!
Magic restored.
b - 2 scrolls labelled JOPNIA IPHOEZ (gained 1)
You see here a +1 pair of boots.
j - a +1 pair of boots You start putting on your armour.
You continue putting on your +1 pair of boots. x4
You finish putting on your +1 pair of boots.
Found a leather armour.
A worm comes into view.
You see here a +0 leather armour.
The worm writhes in agony.
The worm barely resists.
The worm writhes in agony.
The worm writhes in agony.
You hit the worm.
The worm is severely wounded.
The worm bites you.
You barely miss the worm.
The worm is heavily wounded.
You barely miss the worm.
The worm is heavily wounded.
The worm barely misses you.
You hit the worm but do no damage.
The worm is heavily wounded.
You hit the worm.
The worm is severely wounded.
The worm closely misses you.
The worm writhes in agony.
The worm bites you!
Ouch! That really hurt!
You die...

#<# ## #.# .# #.# +#
.#####.# .# .......# .#
.####### .# ## .######
#################w......
................@.......
########################


You could see a worm.

Vanquished Creatures
  An endoplasm (D:1)
  A goblin (D:1)
  A quokka (D:2)
  2 ball pythons (D:1)
  A frilled lizard (D:1)
  A kobold (D:1)
7 creatures vanquished.

Notes
Turn   | Place    | Note
-------+----------+-------------------------------------------
     0 | D:1      | cheesebisquit the Mummy Necromancer began the quest for the
                  | Orb.
     0 | D:1      | Reached XP level 1. HP: 13/13 MP: 4/4
  1115 | D:2      | Slain by a worm

Illustrated notes

Levels and vault maps discovered:
D:1:      dpeg_arrival_pits, layout_basic, lemuel_flame_loot_1
D:2:      layout_basic, serial_shops, shop, nicolae_shop_window_shopping,
          nicolae_shop_tiny_glass

Action                     || total
---------------------------++-------
  Melee: Whip              ||     5
   Cast: Necrotise         ||    19
  Dodge: Dodged            ||     3

Table legend: (Time is in decaauts)
 A = Elapsed time spent in this place.
 B = Non-inter-level travel time spent in this place.
 C = Inter-level travel time spent in this place.
 D = Time resting spent in this place.
 E = Time spent auto-exploring this place.
 F = Levels seen in this place.
 G = Mean time per level.
                   A        B        C        D        E       F      G
               +--------+--------+--------+--------+--------+-----+--------+
         Total |   1113 |   1000 |    113 |      0 |    937 |   2 |  556.5 |
       Dungeon |   1113 |   1000 |    113 |      0 |    937 |   2 |  556.5 |
               +--------+--------+--------+--------+--------+-----+--------+

Top non-repeatable levels by time:
     D:1: 1003 daAuts
     D:2: 110 daAuts
